 Dungeon Crawl Stone Soup version 0.24-a0-183-g8902462 (console) character file.

Game seed: 12222370549371758059

79 Duffy the Firebug (level 4, 0/24 HPs)
             Began as a Deep Elf Fire Elementalist on Mar 15, 2019.
             Slain by a goblin
             ... wielding a +0 club
             ... led by Robin
              (3 damage)
             ... on level 2 of the Dungeon.
             The game lasted 00:01:59 (1675 turns).

Duffy the Firebug (Deep Elf Fire Elementalist)      Turns: 1675, Time: 00:02:00

Health: 0/24       AC:  3    Str:  5    XL:     4   Next: 16%
Magic:  0/11       EV: 13    Int: 21    God:
Gold:   125        SH:  0    Dex: 15    Spells: 2/10 levels left

rFire    . . .     SeeInvis .   c - 3 rations
rCold    . . .     Gourm    .   (no shield)
rNeg     . . .     Faith    .   a - +0 robe
rPois    .         Spirit   .   (no helmet)
rElec    .         Reflect  .   (no cloak)
rCorr    .         Harm     +   (no gloves)
MR       .....                  (no boots)
Stlth    ++........             b - amulet of harm
HPRegen  0.08/turn              f - +1 ring of protection
MPRegen  0.12/turn              (no ring)

@: about to teleport
A: no striking features
a: no special abilities


You were on level 2 of the Dungeon.
You were not hungry.

You visited 1 branch of the dungeon, and saw 2 of its levels.

You collected 125 gold pieces.

Inventory:

Armour
 a - a +0 robe (worn)
Jewellery
 b - an amulet of harm (around neck)
 f - a +1 ring of protection (left hand)
Scrolls
 h - a scroll of remove curse {unknown}
 i - 2 scrolls of enchant armour
 k - a scroll of immolation {unknown}
 l - a scroll of blinking {unknown}
Potions
 g - a potion of mutation
 j - a potion of invisibility
 n - a potion of might
 o - a potion of haste {unknown}
Comestibles
 c - 3 rations (in hand)
 m - 2 chunks of flesh


   Skills:
 - Level 2.4 Dodging
 - Level 2.4 Stealth
 + Level 3.6 Spellcasting
 + Level 3.6 Conjurations
 + Level 3.8 Fire Magic


You had 2 spell levels left.
You knew the following spells:

 Your Spells              Type           Power        Failure   Level  Hunger
h - Flame Tongue          Conj/Fire      ###..        2%          1    None
j - Sticky Flame          Conj/Fire      ###.....     26%         4    ####...
l - Conjure Flame         Conj/Fire      ###.....     9%          3    ###....

Your spell library contained the following spells:

 Spells                   Type           Power        Failure   Level  Hunger
 Throw Flame              Conj/Fire      ###...       4%          2    ##.....
 Inner Flame              Hex/Fire       ##......     17%         3    ###....
 Fireball                 Conj/Fire      ###.......   58%         5    ######.


Dungeon Overview and Level Annotations

Branches:
Dungeon (2/15)

Altars:

Annotations:
D:2 Robin


Message History

Robin barely misses you.
Cast which spell? (? or * to list)
Aiming: Flame Tongue (safe; 2% risk of failure)
Press: ? - help, Shift-Dir - straight line, f/p - Robin
Aim: Robin, wielding a +0 falchion, wearing a cursed +0 animal skin and wearing a +0 helmet The flame tongue hits Robin but does no damage.
The goblin barely misses you. x2
Cast which spell? (? or * to list)
You don't have enough magic to cast that spell.
Cast which spell? (? or * to list)
You don't have enough magic to cast that spell.
Cast which spell? (? or * to list)
You don't have enough magic to cast that spell.
As you read the scroll of identify, it crumbles to dust.
j - a potion of invisibility The goblin hits you but does no damage.
The goblin hits you with a +0 dagger.
As you read the scroll of identify, it crumbles to dust.
n - a potion of might The goblin hits you with a +0 club.
You die... 77 77..7 7.7 #.# #.....# 7..77 7.7 #.# ##'#### 77..7 7g7 #%# #.### 7..77 7.77 #.# #...#### 777 7..7 7..7 #.# #....... 7.7 77.77 77.7 #.# #....... 777.7 7..7 77.7 #.# #.[..... 77...777..7 7gg7 #.# #....... 7.....7..77 7@77 #.# #....... 7...7....7 77g7 #.# #..#.#.# 7.7777.777 7.77 #.# #....... 7.7 777

7.77
#%####..#.#.#
7.77 7..7
#............
7(.7 77.7
#.####..#.#.#
77.7 7.77
#.####.#.....
77.7 7..7
#.......#.#.#
7.77 77.7
#.##...#....%


You could see Robin and 2 goblins.

Vanquished Creatures
  2 adders (D:2)
  A worm (D:2)
  2 dart slugs (D:1)
  4 leopard geckos
  A ball python (D:2)
  5 bats
  4 giant cockroaches
  8 goblins
  5 hobgoblins
  A quokka (D:2)
  5 frilled lizards
  4 kobolds (D:2)
  7 rats
49 creatures vanquished.

Notes
Turn   | Place    | Note
-------+----------+-------------------------------------------
     0 | D:1      | Duffy the Deep Elf Fire Elementalist began the quest for
                  | the Orb.
     0 | D:1      | Reached XP level 1. HP: 10/10 MP: 6/6
    88 | D:1      | Reached XP level 2. HP: 14/15 MP: 0/8
   772 | D:1      | Reached XP level 3. HP: 19/19 MP: 7/9
   777 | D:1      | Learned a level 3 spell: Conjure Flame
   948 | D:2      | Found a faded altar of an unknown god.
  1483 | D:2      | Reached XP level 4. HP: 24/24 MP: 7/11
  1489 | D:2      | Learned a level 4 spell: Sticky Flame
  1630 | D:2      | Noticed Robin
  1675 | D:2      | Slain by a goblin

Levels and vault maps discovered:
D:1:      minmay_arrival_jagged, layout_basic
D:2:      kb_forest_paths, layout_basic, chequers_ecumenical_altar_grove,
          st_stairs_12, uniq_robin

Skill      XL: |  1  2 |
---------------+-------+-----
Conjurations   | 2 3 |  3.6
Dodging        | |  2.4
Stealth        | |  2.4
Spellcasting   | |  3.6
Fire Magic     | |  3.8

Action                   |  1- 3 |  4- 6 || total
-------------------------+-------+-------++-------
 Cast: Flame Tongue      |    62 |    18 ||    80
  Use: Scroll            |       |     6 ||     6
  Eat: Chunk             |     2 |       ||     2
Armor: Robe              |     6 |     3 ||     9
Dodge: Dodged            |    15 |     9 ||    24

Table legend:
 A = Non-vault XP
 B = Vault XP
 C = Vault XP percentage of total XP
 D = Non-vault monster count
 E = Vault monster count
 F = Vault count percentage of total count
                 A         B        C        D         E       F
            +---------+---------+-------+---------+---------+-------
      Total |      76 |      37 |  32.7 |      36 |      13 |  26.5
            +---------+---------+-------+---------+---------+-------
        D:1 |      42 |       0 |   0.0 |      22 |       0 |   0.0
        D:2 |      34 |      37 |  52.1 |      14 |      13 |  48.1
            +---------+---------+-------+---------+---------+-------
